[Event "*** SCC Grand Prix: Titled Tuesday Blitz"]
[Site "Chess.com"]
[Date "2020.08.04"]
[Round "10"]
[White "boasovietica"]
[Black "chessuriel"]
[Result "1-0"]
[WhiteElo "2412"]
[BlackElo "2272"]
[TimeControl "180+1"]
[EndTime "15:37:01 PDT"]
[Termination "boasovietica won by resignation"]

1. e4 c5 2. Nf3 Nc6 3. Nc3 e6 4. d4 cxd4 5. Nxd4 Qc7 6. Nb3 Nf6 7. Bd3 a6 8. O-O b5 9. f4 d6 10. Qf3 Bb7 11. Bd2 Be7 12. Rae1 Nb4 13. Kh1 O-O 14. Qh3 Nxd3 15. cxd3 b4 16. Ne2 a5 17. Nbd4 Ba6 18. Rf3 Qd7 19. Rg3 Kh8 20. b3 Rac8 21. Rg5 Rc5 22. e5 dxe5 23. fxe5 Ne4 24. dxe4 Bxg5 25. Bxg5 Rxe5 26. Qh4 Bb7 27. Nf3 Rxe4 28. Nf4 Rxe1+ 29. Qxe1 Qd3 30. Nxd3 1-0

[Event "*** SCC Grand Prix: Titled Tuesday Blitz"]
[Site "Chess.com"]
[Date "2020.08.04"]
[Round "10"]
[White "anpospan"]
[Black "superchess02"]
[Result "0-1"]
[WhiteElo "2367"]
[BlackElo "2728"]
[TimeControl "180+1"]
[EndTime "15:37:02 PDT"]
[Termination "superchess02 won on time"]

1. d4 Nf6 2. c4 e6 3. Nc3 Bb4 4. a3 Bxc3+ 5. bxc3 O-O 6. f3 c5 7. e4 Ne8 8. Bd3 Nc6 9. Be3 b6 10. f4 f5 11. d5 Na5 12. e5 Ba6 13. Qe2 d6 14. Nf3 dxe5 15. Nxe5 exd5 16. cxd5 c4 17. Nxc4 Qxd5 18. Ne5 Bxd3 19. Qxd3 Qxd3 20. Nxd3 Rc8 21. Bd4 Nb3 22. Rd1 Nc7 23. Ne5 Nb5 24. a4 Nxc3 25.
Bxc3 Rxc3 26. O-O Nc5 27. Nd7 Rc8 28. Nxc5 R3xc5 29. Rfe1 R8c7 30. Re8+ Kf7 31. Rdd8 h6 32. Rf8+ Kg6 33. Rd6+ Kh7 34. Rd4 Rc4 35. Rfd8 Rc1+ 36. Kf2 R7c2+ 37. Kg3 Rg1 38. Rd2 Rxd2 39. Rxd2 Ra1 40.
Rd4 Ra2 41. Kh3 Kg6 42. Rd6+ Kh5 43. Rd4 g5 0-1

[Event "*** SCC Grand Prix: Titled Tuesday Blitz"]
[Site "Chess.com"]
[Date "2020.08.04"]
[Round "10"]
[White "Sekar24"]
[Black "Anna_ChessMate"]
[Result "0-1"]
[WhiteElo "2465"]
[BlackElo "2610"]
[TimeControl "180+1"]
[EndTime "15:37:03 PDT"]
[Termination "Anna_ChessMate won by resignation"]

1. e4 c6 2. Nf3 d5 3. Nc3 Bg4 4. h3 Bxf3 5. Qxf3 Nf6 6. Be2 e6 7. O-O Nbd7 8. d4 dxe4 9. Nxe4 Nxe4 10. Qxe4 Nf6 11. Qd3 Be7 12. Rd1 O-O 13. a4 Qc7 14. Bf3 Rad8 15. Qb3 Rd7 16. Be3 Rfd8 17. a5 a6 18. c3 Nd5 19. Bd2 Bf6 20. Qc4 h6 21. b4 e5 22. dxe5 Qxe5 23. Re1 Qc7 24. Re2 Nxb4 25.
Bf4 Rd1+ 26. Re1 Rxa1 27. Rxa1 Qe7 28. Kf1 Nd3 29. Be3 Ne5 30. Qe4 Nxf3 31. Qxf3 Bxc3 32.
Ra2 Qe6 33. Rc2 Bxa5 0-1

[Event "*** SCC Grand Prix: Titled Tuesday Blitz"]
[Site "Chess.com"]
[Date "2020.08.04"]
[Round "10"]
[White "Char_dasha"]
[Black "Gareth-Bale11"]
[Result "0-1"]
[WhiteElo "2454"]
[BlackElo "2770"]
[TimeControl "180+1"]
[EndTime "15:37:07 PDT"]
[Termination "Gareth-Bale11 won by checkmate"]

1. Nf3 d5 2. g3 g6 3. Bg2 Bg7 4. O-O e5 5. d4 e4 6. Ne1 Ne7 7. c4 c6 8. Nc3 O-O 9. Nc2 Be6 10. Bf4 Nd7 11. Qd2 Nb6 12. c5 Nc4 13. Qc1 b6 14.
b3 Na5 15. Na4 Nb7 16. b4 Nf5 17. Rd1 b5 18. Nc3 a5 19. Be5 f6 20. Bf4 g5 21.
Be3 Nxe3 22. Qxe3 axb4 23. Nxb4 Na5 24. Qc1 f5 25. e3 f4 26. exf4 gxf4 27. Qc2 f3 28.
Bf1 Qg5 29. h4 Qg4 30. Rd2 Bh6 31. Nd1 Kh8 32. Rc1 Rg8 33. Kh2 Bf4 34. Kh1 Bxg3 35.
fxg3 Qxg3 36. Bxb5 Qe1+ 37. Kh2 Qxh4# 0-1

[Event "*** SCC Grand Prix: Titled Tuesday Blitz"]
[Site "Chess.com"]
[Date "2020.08.04"]
[Round "10"]
[White "MasterKroket"]
[Black "davidkalashian"]
[Result "0-1"]
[WhiteElo "2405"]
[BlackElo "2571"]
[TimeControl "180+1"]
[EndTime "15:37:11 PDT"]
[Termination "davidkalashian won by resignation"]

1. d4 Nf6 2. c4 e6 3. Nf3 b6 4.
Nc3 Bb4 5. Bg5 Bb7 6. Qc2 h6 7. Bd2 O-O 8. e3 d5 9. Rc1 c5 10. a3 Bxc3 11. bxc3 Nbd7 12. cxd5 Bxd5 13. Bd3 c4 14.
Be2 Ne4 15. O-O f5 16. Rce1 b5 17. Bc1 Qa5 18. Bb2 Nb6 19. Nd2 Na4 20. Nxe4 Bxe4 21. Qd2 Rad8 22. f3 Bb7 23. Bd1 e5 24. Ba1 e4 25.
Bc2 Nc5 26. Bb2 Nd3 27. Rb1 a6 28. a4 Bc6 29. Ba3 Rfe8 30. fxe4 Bxe4 31. Bb4 Qc7 32. axb5 axb5 33. Qe2 Ra8 34. Ra1 Rxa1 35. Rxa1 Nxb4 36. cxb4 Qe7 37. Bxe4 Qxe4 38. Ra7 f4 39. Qg4 Qxe3+ 0-1

[Event "*** SCC Grand Prix: Titled Tuesday Blitz"]
[Site "Chess.com"]
[Date "2020.08.04"]
[Round "10"]
[White "TST2014"]
[Black "Chessbard1972"]
[Result "1-0"]
[WhiteElo "2514"]
[BlackElo "2344"]
[TimeControl "180+1"]
[EndTime "15:37:12 PDT"]
[Termination "TST2014 won by resignation"]

1. d4 Nf6 2. c4 g6 3. Nc3 Bg7 4. e4 d6 5. Nf3 O-O 6. Be2 Na6 7. O-O c5 8. d5 e6 9. h3 exd5 10. cxd5 Nc7 11. a4 Nd7 12. Bg5 Qe8 13. Qd2 a6 14. Bd3 Rb8 15. a5 b5 16. axb6 Rxb6 17. Rfe1 Ne5 18. Nxe5 Qxe5 19. Bf4 Qe7 20. Bc4 Be5 21. Bxe5 Qxe5 22. f4 Qg7 23. e5 Nb5 24. Bxb5 axb5 25. Qe3 Re8 26. b4 Rb8 27. bxc5 b4 28. Ne4 dxe5 29.
fxe5 Rd8 30. Nf6+ Kh8 31. c6 Rf8 32. d6 Be6 33. c7 Ra8 34. Qb6 b3 35. d7 Bxd7 36.
Nxd7 Rfc8 37. Rxa8 Rxa8 38. Qb8+ Qg8 39. Qxg8+ Rxg8 40. Nb6 b2 41. c8=Q Rxc8 42. Nxc8 b1=Q 43. Rxb1 1-0

[Event "*** SCC Grand Prix: Titled Tuesday Blitz"]
[Site "Chess.com"]
[Date "2020.08.04"]
[Round "10"]
[White "ChessArchitect64"]
[Black "CraiggoryC"]
[Result "1-0"]
[WhiteElo "1907"]
[BlackElo "2175"]
[TimeControl "180+1"]
[EndTime "15:37:12 PDT"]
[Termination "ChessArchitect64 won by checkmate"]

1. e4 e6 2. d4 d5 3. e5 c5 4. c3 Qb6 5. Nf3 Nc6 6. Be2 Nh6 7. b3 cxd4 8. cxd4 Nf5 9. Bb2 Bb4+ 10. Kf1 O-O 11. g4 Nh6 12. h3 f6 13. a3 Be7 14.
exf6 Rxf6 15. g5 Rxf3 16. Bxf3 Nf5 17. h4 Ncxd4 18. Bg2 Nxb3 19. Ra2 Bd7 20. Nd2 Ba4 21. Qe1 Rf8 22. Kg1 Ng3 23. Qe5 Qxf2+ 24. Kh2 Rf7 25.
Bc3 Ne4 26. Nxe4 Qxa2 27. Rf1 Rxf1 28. Qxg7# 1-0

[Event "*** SCC Grand Prix: Titled Tuesday Blitz"]
[Site "Chess.com"]
[Date "2020.08.04"]
[Round "10"]
[White "vladislavkovalev"]
[Black "Mazetovic"]
[Result "1-0"]
[WhiteElo "2881"]
[BlackElo "2706"]
[TimeControl "180+1"]
[EndTime "15:37:15 PDT"]
[Termination "vladislavkovalev won by resignation"]

1. e4 c5 2. Be2 Nc6 3. d3 g6 4. f4 Bg7 5. Nf3 Rb8 6. O-O b5 7. a3 d6 8. c3 Bg4 9. Be3 e6 10. b4 cxb4 11. axb4 Nge7 12. d4 d5 13. e5 Bxf3 14. Bxf3 a5 15. bxa5 Nxa5 16. Bc1 Nc4 17. Na3 O-O 18. Nxc4 bxc4 19. Ba3 Rb3 20. Qd2 Qc7 21.
Bd1 Rb6 22. Bc5 Rb7 23. Bc2 Rd8 24. g4 Bf8 25. f5 exf5 26. gxf5 gxf5 27. Ra6 Ng6 28.
Bxf8 Rxf8 29. Rxf5 Rb2 30. Raf6 Qa5 31. Rf2 Qa1+ 32.
Kg2 Qa2 33. e6 fxe6 34. Rxf8+ Nxf8 35. Bxh7+ Nxh7 36. Qxb2 Qa7 37. Qe2 Qg7+ 38. Kh1 Ng5 39. Rg2 1-0

[Event "*** SCC Grand Prix: Titled Tuesday Blitz"]
[Site "Chess.com"]
[Date "2020.08.04"]
[Round "10"]
[White "Artem_Sadovsky"]
[Black "bazar-wokzal"]
[Result "1-0"]
[WhiteElo "2412"]
[BlackElo "2467"]
[TimeControl "180+1"]
[EndTime "15:37:23 PDT"]
[Termination "Artem_Sadovsky won by checkmate"]

1. Nf3 c5 2. g3 Nc6 3. Bg2 e5 4. O-O f5 5. d3 Nf6 6. c4 d6 7.
Nc3 h6 8. Nh4 Ne7 9. f4 exf4 10.
gxf4 Be6 11. e4 Qd7 12. e5 dxe5 13. fxe5 Ng4 14. Nb5 Nxe5 15. Bf4 N7c6 16. Qe2 Qxd3 17. Nc7+ Kf7 18. Qh5+ g6 19. Nxg6 Nxg6 20. Nxe6 Qxc4 21.
Rad1 Nd4 22. Nxd4 cxd4 23. Rc1 Qxa2 24. Rc7+ Be7 25. Rxe7+ Kxe7 26. Qxg6 Rhg8 27. Re1+ Kd7 28. Qd6+ Kc8 29. Qc7# 1-0

[Event "*** SCC Grand Prix: Titled Tuesday Blitz"]
[Site "Chess.com"]
[Date "2020.08.04"]
[Round "10"]
[White "kleopl"]
[Black "Bastiandash"]
[Result "1-0"]
[WhiteElo "2448"]
[BlackElo "2318"]
[TimeControl "180+1"]
[EndTime "15:37:24 PDT"]
[Termination "kleopl won by resignation"]

1. c4 Nf6 2. Nc3 e6 3. e4 d6 4.
d4 b6 5. Bd3 Bb7 6. Nge2 Nbd7 7. O-O g6 8. Bg5 h6 9. Bh4 Bg7 10. f3 O-O 11. Qd2 a6 12. Bf2 Qe7 13. Rfd1 Rfd8 14.
Rac1 Nf8 15. Ng3 g5 16. Be3 Ng6 17. d5 Nd7 18. Bf1 Rf8 19. b3 Kh8 20. Nh5 Rae8 21. b4 Nde5 22. Bd4 Kh7 23. Nxg7 Kxg7 24. Kh1 Kh7 25.
Na4 f5 26. Bd3 Nxd3 27. Qxd3 e5 28. Be3 Qd7 29. Qb3 fxe4 30. fxe4 Nf4 31. c5 bxc5 32.
bxc5 Qg4 33. Bxf4 exf4 34. Qxb7 f3 35. Qxc7+ Kh8 36. Rg1 Rxe4 37. Qxd6 Ref4 38. Qxh6+ Kg8 39. Qe6+ Qxe6 40. dxe6 fxg2+ 41. Rxg2 Rxa4 42. Rxg5+ Kh7 43. e7 Re8 44. c6 Rxe7 45. c7 Rxa2 46. c8=Q 1-0

[Event "*** SCC Grand Prix: Titled Tuesday Blitz"]
[Site "Chess.com"]
[Date "2020.08.04"]
[Round "10"]
[White "penguingm1"]
[Black "Shield12"]
[Result "1-0"]
[WhiteElo "2959"]
[BlackElo "2848"]
[TimeControl "180+1"]
[EndTime "15:37:26 PDT"]
[Termination "penguingm1 won by resignation"]

1. d4 Nf6 2. c4 e6 3. Nc3 Bb4 4. Qc2 O-O 5. Nf3 b6 6. e4 c5 7. e5 cxd4 8. Nxd4 Ne8 9. Bd3 f5 10. O-O Bb7 11. f4 Nc6 12. Be3 Rc8 13. Rad1 Nxd4 14. Bxd4 Nc7 15. Qf2 Qe7 16. Rd2 Na6 17. a3 Bxc3 18. Bxc3 Nc5 19. Rfd1 Rfd8 20. Qe3 Nxd3 21.
Qxd3 Qc5+ 22. Qd4 Qc6 23. b3 b5 24. Ba5 Rf8 25. Qxd7 bxc4 26. bxc4 Qc5+ 27. Kh1 Rf7 28. Qxe6 Qc6 29. Rd8+ 1-0

[Event "*** SCC Grand Prix: Titled Tuesday Blitz"]
[Site "Chess.com"]
[Date "2020.08.04"]
[Round "10"]
[White "Fandorine"]
[Black "hansen"]
[Result "1-0"]
[WhiteElo "2913"]
[BlackElo "2982"]
[TimeControl "180+1"]
[EndTime "15:37:28 PDT"]
[Termination "Fandorine won on time"]

1. e4 c5 2. b3 d6 3. Bb2 e5 4. Bc4 Nc6 5. Ne2 a6 6. a4 Nf6 7.
d3 Rb8 8. Nbc3 Be6 9. O-O Be7 10.
f4 Qd7 11. Ng3 Nd4 12. a5 h5 13. Nge2 h4 14. f5 Bxc4 15. bxc4 b5 16. axb6 Rxb6 17.
Bc1 h3 18. g4 Qb7 19. g5 Nd7 20. Nxd4 cxd4 21. Nd5 Rb1 22. Rxb1 Qxb1 23. Bd2 Qb8 24.
Qg4 Bd8 25. g6 f6 26. Qd1 Nb6 27. Qb1 Qa7 28. Nxb6 Bxb6 29. Qb3 Bc5 30. Rb1 O-O 31. Qb7 Qxb7 32. Rxb7 Ra8 33. Ba5 Ba3 34. Kf2 Bc5 35. Kg3 1-0

[Event "*** SCC Grand Prix: Titled Tuesday Blitz"]
[Site "Chess.com"]
[Date "2020.08.04"]
[Round "10"]
[White "Hangar-18"]
[Black "Sn00pPawn"]
[Result "1-0"]
[WhiteElo "2374"]
[BlackElo "1998"]
[TimeControl "180+1"]
[EndTime "15:37:37 PDT"]
[Termination "Hangar-18 won by checkmate"]

1. Nf3 Nf6 2. g3 g6 3. Bg2 Bg7 4. O-O O-O 5. c4 d6 6. Nc3 Nc6 7. Rb1 a5 8. a3 e5 9. d3 Re8 10. Nd2 Ne7 11. Nd5 c6 12. Nxf6+ Bxf6 13. b4 axb4 14.
axb4 Bg7 15. b5 d5 16. bxc6 bxc6 17. Bb2 Be6 18. Qb3 Qd7 19. Ra1 Rab8 20. Qc2 Rb7 21. Nb3 Rbb8 22. Nc5 Qc8 23. Ra7 Bh3 24. Rfa1 Bxg2 25.
Kxg2 Nf5 26. e4 Nd4 27. Bxd4 exd4 28. R1a6 Bf8 29. Nd7 Rb7 30. Nf6+ Kh8 31. Nxe8 Rxa7 32. Rxa7 Qxe8 33. cxd5 cxd5 34. exd5 Qb8 35. Qc7 Qb5 36. Qxf7 Qc5 37. Qxh7# 1-0

[Event "*** SCC Grand Prix: Titled Tuesday Blitz"]
[Site "Chess.com"]
[Date "2020.08.04"]
[Round "10"]
[White "Klavdia_Nik"]
[Black "PawnEatingZombie"]
[Result "1-0"]
[WhiteElo "2030"]
[BlackElo "2212"]
[TimeControl "180+1"]
[EndTime "15:37:40 PDT"]
[Termination "Klavdia_Nik won on time"]

1. Nf3 d5 2. c4 e6 3. b3 Nf6 4. Bb2 Bd6 5. g3 b6 6. Bg2 Bb7 7. O-O Nbd7 8. d4 O-O 9. Nc3 a6 10. Qc2 Qe7 11. Rad1 Rac8 12. cxd5 exd5 13. e3 Rfe8 14.
Nh4 g6 15. Bh3 Rcd8 16. Nf3 h5 17. Nb1 c5 18. dxc5 bxc5 19. Nc3 d4 20. Bg2 dxc3 21.
Bxc3 Ne5 22. Nxe5 Bxg2 23. Kxg2 Bxe5 24. Ba5 Rxd1 25. Rxd1 Bc7 26. Bc3 Ne4 27. Bb2 Bb6 28. f3 Nf6 29. Qc3 Bd8 30. e4 1-0

[Event "*** SCC Grand Prix: Titled Tuesday Blitz"]
[Site "Chess.com"]
[Date "2020.08.04"]
[Round "10"]
[White "xberli"]
[Black "FMOlexandrProhorov"]
[Result "1-0"]
[WhiteElo "2321"]
[BlackElo "2122"]
[TimeControl "180+1"]
[EndTime "15:37:41 PDT"]
[Termination "xberli won by resignation"]

1. e4 c5 2. Nf3 e6 3. d4 cxd4 4. Nxd4 Qb6 5. Nb5 a6 6. Be3 Qa5+ 7. N5c3 Nf6 8. Bd3 d5 9. exd5 Nxd5 10. Bd2 Nc6 11. O-O Be7 12. Nxd5 Qxd5 13. Nc3 Qd8 14. Qh5 b5 15. Rad1 Qc7 16. Rfe1 Bd7 17. Bf1 g6 18. Qh6 O-O-O 19. a4 Nd4 20. axb5 axb5 21.
Bf4 Qc5 22. Be3 e5 23. Ne4 Qc7 24. Bxd4 exd4 25. Rxd4 Bc6 26. Rxd8+ Rxd8 27. Qxh7 Bb4 28. c3 Bxe4 29. Rxe4 Bc5 30. Qh3+ Kb8 31. Qf3 f5 32. Re2 Qb6 33. g3 Ka7 34. Kg2 Rh8 35. b4 Bd6 36. Ra2+ Kb8 37. Qa8+ Kc7 38. Ra7+ 1-0

[Event "*** SCC Grand Prix: Titled Tuesday Blitz"]
[Site "Chess.com"]
[Date "2020.08.04"]
[Round "10"]
[White "kosya4ok"]
[Black "SantoBlue"]
[Result "1-0"]
[WhiteElo "2731"]
[BlackElo "2898"]
[TimeControl "180+1"]
[EndTime "15:37:44 PDT"]
[Termination "kosya4ok won by resignation"]

1. d4 d6 2. e4 Nf6 3. Nc3 e5 4. Nf3 Nbd7 5. Be2 Be7 6. O-O O-O 7. Re1 c6 8. a4 h6 9. a5 Rb8 10. Bf1 Re8 11. h3 exd4 12. Nxd4 Bf8 13. Bf4 Nc5 14.
Qf3 Ne6 15. Be3 Ng5 16. Bxg5 hxg5 17. a6 Qb6 18. axb7 Bxb7 19. Nf5 g6 20. Ne3 Bg7 21. Nc4 Qd8 22. Rxa7 d5 23. Na5 Ba8 24. e5 Qb6 25.
Ra6 Qc7 26. exf6 Rxe1 27. fxg7 Rbe8 28. Nb3 Qe7 29. g3 Bb7 30. Ra7 Ra8 31. Rxa8+ Bxa8 32. Na4 Bb7 33. Nac5 Bc8 34. g4 Qe5 35. Nd3 Rxf1+ 36. Kxf1 Ba6 37. Nc5 Bb5 38. Kg2 Qxg7 39. Qe3 d4 40.
Qe8+ Kh7 41. Qe5 f6 42. Qxd4 Kh6 43. c4 f5 44. Qxg7+ 1-0

[Event "*** SCC Grand Prix: Titled Tuesday Blitz"]
[Site "Chess.com"]
[Date "2020.08.04"]
[Round "10"]
[White "Beca95"]
[Black "rasmussvane"]
[Result "0-1"]
[WhiteElo "2880"]
[BlackElo "2883"]
[TimeControl "180+1"]
[EndTime "15:37:46 PDT"]
[Termination "rasmussvane won on time"]

1. Nc3 d5 2. d4 Nf6 3. Bf4 c5 4. e3 cxd4 5. exd4 a6 6. h3 Nc6 7. Nf3 Bf5 8. a3 e6 9. Nh4 Be4 10. Nxe4 dxe4 11. g3 Qxd4 12. c3 Qb6 13. Qc2 Nd5 14.
Bc1 e3 15. f4 Rc8 16. Nf3 Bd6 17. Be2 O-O 18. Qe4 Na5 19. Bd3 g6 20. Nd4 Rfe8 21.
Rb1 e5 22. Nf5 Nf6 23. Nh6+ Kg7 24. Nf5+ Kh8 25. Qg2 gxf5 26. Bxf5 Rcd8 27. b4 Nc4 28. Bd3 Nd2 29. f5 e4 30. Bc2 Nxb1 31. Bxb1 Be5 32. Qc2 Rd3 0-1

[Event "*** SCC Grand Prix: Titled Tuesday Blitz"]
[Site "Chess.com"]
[Date "2020.08.04"]
[Round "10"]
[White "Parhamov"]
[Black "IMHansNiemann"]
[Result "1-0"]
[WhiteElo "3042"]
[BlackElo "2911"]
[TimeControl "180+1"]
[EndTime "15:37:51 PDT"]
[Termination "Parhamov won by resignation"]

1. d4 Nf6 2. c4 e6 3. g3 d5 4. Bg2 Be7 5. Nf3 O-O 6. O-O c6 7.
Qc2 b6 8. Rd1 Nbd7 9. b3 Bb7 10.
Bb2 Rc8 11. Nbd2 c5 12. Rac1 Qc7 13. Qb1 Qb8 14. cxd5 exd5 15. Bh3 Rcd8 16. e3 Rfe8 17. dxc5 bxc5 18. Bg2 Bf8 19. Qa1 Qa8 20. Nh4 a5 21. h3 a4 22. Nf5 Re6 23. Qb1 g6 24. Nh4 Bg7 25. Nhf3 h6 26. Qc2 axb3 27. axb3 Qb8 28. Ne1 Rc8 29. Nd3 Ree8 30. Nf4 Ne5 31. Qb1 Ned7 32. Qa1 Qa8 33. Qxa8 Rxa8 34. Nc4 Ra2 35. Bxf6 Nxf6 36. Nd6 Rb8 37. Nxb7 Rxb7 38. Nxd5 Rb5 39. Nxf6+ Bxf6 40. Bd5 Kg7 41. b4 Ra7 42. bxc5 Raa5 43.
c6 Be5 44. Bxf7 Kxf7 45. c7 Bxc7 46. Rxc7+ Ke6 47. Rc6+ Kf7 48. Rd7+ Ke8 49. Rdd6 g5 50. Rxh6 Rb1+ 51. Kg2 Rb2 52. Rc7 Kd8 53. Rf7 1-0

[Event "*** SCC Grand Prix: Titled Tuesday Blitz"]
[Site "Chess.com"]
[Date "2020.08.04"]
[Round "10"]
[White "DryCounty"]
[Black "serena-maria"]
[Result "1-0"]
[WhiteElo "2569"]
[BlackElo "2267"]
[TimeControl "180+1"]
[EndTime "15:37:51 PDT"]
[Termination "DryCounty won on time"]

1. e4 c5 2. Nf3 d6 3. d4 cxd4 4. Nxd4 Nf6 5. Nc3 g6 6. Be2 Bg7 7. O-O O-O 8. Nb3 Nc6 9. Bg5 Be6 10. f4 Qc8 11. Kh1 Rd8 12. Bf3 Bc4 13. Re1 d5 14. e5 Ne4 15. Bh4 Bxb3 16. axb3 g5 17. Nxd5 gxh4 18.
Bxe4 e6 19. Qh5 exd5 20. Bxh7+ Kf8 21. Bf5 Qc7 22. e6 Re8 23. Qxh4 Nd4 24. Bd3 Rxe6 25. Rf1 Rh6 26. Qg5 Rd8 27. Rxa7 Ne6 28. Qg4 Bd4 29. Raa1 Ke7 30. Rae1 Kf8 31. h3 Bxb2 32. f5 Ng7 33. Qg5 1-0

[Event "*** SCC Grand Prix: Titled Tuesday Blitz"]
[Site "Chess.com"]
[Date "2020.08.04"]
[Round "10"]
[White "ChainsOfFantasia"]
[Black "Flopezin"]
[Result "0-1"]
[WhiteElo "2472"]
[BlackElo "2354"]
[TimeControl "180+1"]
[EndTime "15:37:53 PDT"]
[Termination "Flopezin won by checkmate"]

1. d4 Nf6 2. Nf3 e6 3. c4 c5 4. d5 d6 5. Nc3 exd5 6. cxd5 g6 7. Nd2 Nbd7 8. e4 Bg7 9. Nc4 Nb6 10. Bf4 Nxc4 11. Bxc4 a6 12. a4 O-O 13. O-O Re8 14. Re1 Nh5 15. Bd2 f5 16. exf5 Rxe1+ 17. Bxe1 Bxf5 18. Bd2 Nf6 19. h3 Ne4 20. Nxe4 Bxe4 21.
Qb3 Qc7 22. Re1 Bf5 23. a5 Rf8 24. Bg5 Bf6 25. Bxf6 Rxf6 26. Qc3 Rf8 27. g4 Bc8 28. Re4 Qf7 29. Qe3 Qf6 30. Re7 Qxb2 31. Rc7 Qf6 32.
Kg2 h5 33. g5 Qf5 34. Qg3 Bd7 35.
Ba2 c4 36. Bxc4 Bb5 37. Bxb5 axb5 38. Qc3 Qxf2+ 39. Kh1 Qf1+ 40. Kh2 Rf2+ 41. Kg3 Qg2+ 42. Kh4 Rf4# 0-1

[Event "*** SCC Grand Prix: Titled Tuesday Blitz"]
[Site "Chess.com"]
[Date "2020.08.04"]
[Round "10"]
[White "BogdanDeac"]
[Black "XDPS"]
[Result "1-0"]
[WhiteElo "2776"]
[BlackElo "2690"]
[TimeControl "180+1"]
[EndTime "15:37:54 PDT"]
[Termination "BogdanDeac won on time"]

1. e4 e5 2. Nf3 Nc6 3. Bb5 a6 4. Ba4 d6 5. O-O Bd7 6. d4 Nxd4 7. Bxd7+ Qxd7 8. Nxd4 exd4 9. Qxd4 Nf6 10. b3 Be7 11.
Bb2 O-O 12. c4 Rfe8 13. Nc3 c6 14. Rad1 Rad8 15. Rfe1 b5 16. Ne2 Qb7 17. Ng3 Bf8 18. f3 bxc4 19. Qxc4 d5 20. Qc2 Nd7 21. exd5 cxd5 22.
Bd4 Rc8 23. Qf5 Nc5 24. Rxe8 Rxe8 25. Bf2 Rd8 26. Ne2 Ne6 27. Nd4 Qd7 28. Re1 Nxd4 29.
Qxd7 Nxf3+ 30. gxf3 Rxd7 31. Re8 d4 32. Kf1 f6 33.
Ke2 d3+ 34. Kd1 Kf7 35. Ra8 Bd6 36. h3 Re7 37. Rxa6 Re2 38. Rxd6 Rxf2 39. a4 Rxf3 40. a5 d2 41. b4 Rxh3 42. a6 Ra3 43. b5 h5 44.
Rd7+ Kg6 45. Kxd2 h4 46. Ke2 h3 47. Kf2 Ra2+ 48. Kg1 f5 49. a7 f4 50. b6 f3 51. Rd1 f2+ 52. Kh1 Re2 53. a8=Q Re1+ 54. Kh2 f1=Q 55. Qc6+ Kh7 56. Qc2+ Kh8 57. Rd8+ 1-0

[Event "*** SCC Grand Prix: Titled Tuesday Blitz"]
[Site "Chess.com"]
[Date "2020.08.04"]
[Round "10"]
[White "frederiksvane"]
[Black "AndrewDGreen"]
[Result "1-0"]
[WhiteElo "2573"]
[BlackElo "2402"]
[TimeControl "180+1"]
[EndTime "15:37:57 PDT"]
[Termination "frederiksvane won by checkmate"]

1. e4 c5 2. Nf3 g6 3. c3 d5 4. exd5 Qxd5 5. d4 Bg7 6. Be3 cxd4 7. cxd4 Qa5+ 8. Nc3 Nh6 9. Bc4 O-O 10. O-O Bg4 11.
h3 Bxf3 12. Qxf3 Nc6 13. Rad1 Nf5 14. Qe4 Rac8 15. Bb3 Rfd8 16. d5 Nxe3 17. fxe3 Ne5 18. d6 Rxd6 19. Rxd6 exd6 20. Qxb7 Qc7 21. Qe4 Qc5 22.
Nd5 Re8 23. Kh1 h5 24. Qa4 Rc8 25. Ne7+ Kh7 26. Nxc8 Qxc8 27. Qxa7 f5 28. Qb6 Qf8 29. a4 Qf6 30. a5 Qh4 31. Qxd6 Qg3 32. a6 Qxe3 33.
Rd1 Qxb3 34. Qd5 Qg3 35. a7 Ng4 36. hxg4 Be5 37. Kg1 Qe3+ 38. Kf1 Qf4+ 39. Qf3 Qc4+ 40. Kg1 Bd4+ 41. Kh1 hxg4 42. Qb7+ Kh6 43. a8=Q Qe2 44. Qf8+ Kh5 45. Qh7+ Kg5 46. Qfe7+ Bf6 47. Qxe2 g3 48. Qe3+ Kg4 49. Qf3+ Kg5 50. Qxg3# 1-0

[Event "*** SCC Grand Prix: Titled Tuesday Blitz"]
[Site "Chess.com"]
[Date "2020.08.04"]
[Round "10"]
[White "LubovMarkelova"]
[Black "JMatias"]
[Result "1-0"]
[WhiteElo "2275"]
[BlackElo "2392"]
[TimeControl "180+1"]
[EndTime "15:37:57 PDT"]
[Termination "LubovMarkelova won by resignation"]

1. d4 Nf6 2. Nf3 e6 3. Bf4 c5 4. e3 b6 5. Nc3 Bb7 6. Nb5 Na6 7.
Nd6+ Bxd6 8. Bxd6 Ne4 9. Bf4 O-O 10. h3 d6 11. Bd3 Nb4 12. Be2 Rc8 13. c3 Nd5 14. Bh2 Qe7 15. O-O Rfd8 16. a4 a6 17. Qb3 Qc7 18. Rad1 cxd4 19. exd4 Rb8 20. Rfe1 Nef6 21. Bd3 Qc6 22. Bf1 Ba8 23. Nd2 b5 24. axb5 axb5 25. Ra1 Nh5 26. Be2 Nhf4 27. Bf3 Qb6 28.
Qc2 Bb7 29. Be4 h6 30. Bf3 Ra8 31. Bg3 Rxa1 32. Rxa1 Ra8 33. Re1 Ra2 34. Qb1 Qa7 35.
Ne4 Qb6 36. Qxa2 Nd3 37. Rd1 N5f4 38. Qb1 d5 39. Nc5 Nxc5 40. dxc5 Qxc5 41. Bxf4 1-0

[Event "*** SCC Grand Prix: Titled Tuesday Blitz"]
[Site "Chess.com"]
[Date "2020.08.04"]
[Round "10"]
[White "Fh2411"]
[Black "GigaQuparadze"]
[Result "0-1"]
[WhiteElo "2550"]
[BlackElo "2903"]
[TimeControl "180+1"]
[EndTime "15:38:00 PDT"]
[Termination "GigaQuparadze won by resignation"]

1. d4 Nf6 2. Nf3 e6 3. Bf4 c5 4.
e3 Qb6 5. Na3 cxd4 6. Nb5 Na6 7.
Qxd4 Bc5 8. Qa4 Nd5 9. c3 O-O 10. Be2 Nxf4 11. Qxf4 d5 12. a4 Be7 13. O-O Nc5 14. Qc7 Qxc7 15. Nxc7 Rb8 16. Nb5 a6 17. Nbd4 Bd7 18. a5 Bf6 19. Ra3 Rfc8 20. h3 Be7 21. Ra2 Be8 22. Ne5 f6 23. Nd3 Bd7 24.
Nxc5 Bxc5 25. Bf3 Kf7 26. Rd1 Ke7 27. Rd2 Ba7 28. Ra1 Rc7 29. g4 Rbc8 30. Kg2 g6 31.
Ne2 Bb5 32. Nf4 Bc6 33. h4 Bc5 34. h5 g5 35. Nd3 Bd6 36. Ne1 Rd7 37. Nc2 Bb5 38.
Nd4 Bc6 39. Rad1 Bc7 40. Ra1 Be5 41. Kg1 h6 42. Be2 Bxd4 43. cxd4 Bb5 44. Bxb5 axb5 45. Kf1 Rdc7 46. Ke2 Ra8 47. Kd3 Rc4 48. b3 Rc6 49.
Rc2 Kd6 50. Rxc6+ bxc6 51. b4 e5 52. f3 Re8 53. Rf1 Kc7 54. Kd2 Kd6 55. Kd3 Re7 56.
e4 Rf7 57. Rc1 Rd7 58. Ra1 Ke6 59. exd5+ Rxd5 60. a6 Rxd4+ 61. Kc3 Rd8 62. a7 Ra8 63.
Ra6 Kd5 64. Kd3 c5 65. bxc5 Kxc5 66. Rxf6 Rxa7 67. Rxh6 b4 68. Re6 b3 69. Rxe5+ Kb4 70.
Re1 Rd7+ 71. Ke4 Re7+ 72. Kf5 Rxe1 0-1

[Event "*** SCC Grand Prix: Titled Tuesday Blitz"]
[Site "Chess.com"]
[Date "2020.08.04"]
[Round "10"]
[White "QuintilianoR"]
[Black "alexrustemov"]
[Result "1-0"]
[WhiteElo "2640"]
[BlackElo "2721"]
[TimeControl "180+1"]
[EndTime "15:38:01 PDT"]
[Termination "QuintilianoR won on time"]

1. d4 d5 2. c4 c6 3. Nc3 Nf6 4. cxd5 cxd5 5. Bf4 Nc6 6. e3 Bf5 7. Qb3 Na5 8. Qa4+ Bd7 9. Bb5 Nc6 10. Qd1 a6 11. Bd3 Bg4 12. Nge2 Bxe2 13. Qxe2 e6 14. O-O Be7 15. Rad1 O-O 16. h3 Rc8 17. Bb1 Re8 18. f3 Bd6 19. Bg5 h6 20. Bh4 Be7 21. Bf2 Bb4 22.
e4 Bxc3 23. bxc3 e5 24. dxe5 Nxe5 25. f4 Ng6 26. e5 Qc7 27. Bxg6 fxg6 28. Qd3 Ne4 29.
Qxd5+ Kh7 30. Qxe4 Qxc3 31. Bd4 Qc4 32. f5 gxf5 33. Rxf5 Kh8 34. Rdf1 Rcd8 35. e6 Qxd4+ 36. Qxd4 Rxd4 37. Rf8+ Rxf8 38. Rxf8+ Kh7 39. e7 Rd1+ 40.
Kh2 Re1 41. e8=Q 1-0